 Dungeon Crawl Stone Soup version 0.23.2-33-g5129a83184 (webtiles) character file.

Game seed: 15141458308253881856

74 DorianNounverber the Shooter (level 4, 0/35 HPs)
             Began as a Centaur Arcane Marksman on July 3, 2019.
             Succumbed to an adder's poison
             ... on level 2 of the Dungeon.
             The game lasted 00:15:20 (2487 turns).

DorianNounverber the Shooter (CeAM)                 Turns: 2487, Time: 00:15:20

Health: 0/35       AC:  4    Str: 11 (12) XL:     4   Next: 10%
Magic:  5/5        EV:  6    Int: 10 (12) God:
Gold:   66         SH:  6    Dex:  8 (11) Spells: 4/5 levels left

rFire    . . .     SeeInvis .   j - +0 short sword
rCold    . . .     Gourm    .   b - +0 shield
rNeg     . . .     Faith    .   h - +0 leather armour
rPois    .         Spirit   .   (no helmet)
rElec    .         Reflect  .   (no cloak)
rCorr    .         Harm     .   (no gloves)
MR       .....                  (no barding)
Stlth    ..........             (no amulet)
HPRegen  0.11/turn              (no ring)
MPRegen  0.09/turn              (no ring)

@: lethally poisoned (0 -> -6), very quick
A: large, hooves 3, deformed body, speed 2, tough skin 3
a: no special abilities


You were on level 2 of the Dungeon.
You were hungry.

You visited 1 branch of the dungeon, and saw 2 of its levels.

You collected 66 gold pieces.

Inventory:

Hand Weapons
 a - a +0 shortbow
 g - a +0 dagger
 i - a +0 club
 j - a +0 short sword (weapon)
 k - a +0 whip
 m - a +0 whip
Missiles
 c - 35 sling bullets
 d - 16 arrows
 l - 2 tomahawks (quivered)
 n - 16 poisoned needles
Armour
 b - a +0 shield (worn)
 e - a +0 robe
 h - a +0 leather armour (worn)


   Skills:
 + Level 1.2 Fighting
 + Level 0.1 Short Blades
 + Level 4.0 Bows
 + Level 0.5 Armour
 + Level 2.0 Dodging
 + Level 1.0 Spellcasting
 + Level 3.2 Hexes


You had 4 spell levels left.
You knew the following spells:

 Your Spells              Type           Power        Failure   Level  Hunger
a - Corona                Hex            #......      63%         1    ##.....

Your spell library contained the following spells:

 Spells                   Type           Power        Failure   Level  Hunger
 Slow                     Hex            #.......     77%         2    ###....
 Inner Flame              Hex/Fire       #.......     99%         3    ####...
 Portal Projectile        Hex/Tloc       #.....       99%         3    ####...
 Cause Fear               Hex            #.........   100%        4    #####..
 Leda's Liquefaction      Hex/Erth       #.........   100%        4    #####..


Dungeon Overview and Level Annotations

Branches:
Dungeon (2/15)

Altars:


Innate Abilities, Weirdness & Mutations

You have hooves in place of feet.
Armour fits poorly on your strangely shaped body.
You cover ground very quickly.
You have extremely tough skin. (AC +3)


Message History

You throw a tomahawk. The tomahawk closely misses the adder.
The tomahawk hits the dart slug.
The dart slug is moderately wounded.
* * * LOW HITPOINT WARNING * * *
You feel sick. The adder barely misses you.
You hit the adder.
You kill the adder!
Your Bows skill increases to level 4!
You have reached level 4!
You feel agile. The dart slug launches a dart at you. The slug dart hits you.
* * * LOW HITPOINT WARNING * * *
Throwing (i - inventory)
l - 3 tomahawks (quivered)
Press: ? - help, Shift-Dir - straight line, f - dart slug
Aim: a dart slug (moderately wounded, clinging)
You throw a tomahawk.
The tomahawk hits the dart slug but does no damage.
The dart slug is moderately wounded.
You die...

#.# #.# #.# #.#
# #.# #.###.#
#..†..# ..
####..#
#####....
#..#####@(w.(..(
#........#######
.......#######
########


You could see a dart slug.

Vanquished Creatures
  2 adders (D:2)
  2 oozes
  3 dart slugs (D:1)
  4 bats
  2 giant cockroaches (D:2)
  5 hobgoblins
  9 jackals (D:1)
  2 kobolds
  3 frilled lizards (D:1)
  2 goblins
  5 rats (D:1)
39 creatures vanquished.

Notes
Turn   | Place    | Note
-------+----------+-------------------------------------------
     0 | D:1      | DorianNounverber the Centaur Arcane Marksman began the
                  | quest for the Orb.
     0 | D:1      | Reached XP level 1. HP: 16/16 MP: 2/2
   375 | D:1      | Reached XP level 2. HP: 12/23 MP: 3/3
   683 | D:1      | Reached skill level 3 in Bows
  1198 | D:1      | Reached XP level 3. HP: 12/28 MP: 4/4
  2005 | D:2      | HP: 1/28 [poisoned by an adder]
  2011 | D:2      | HP: 1/28 [bat (1)]
  2485 | D:2      | HP: 1/28 [poisoned by an adder]
  2486 | D:2      | Reached skill level 4 in Bows
  2486 | D:2      | Reached XP level 4. HP: 2/35 MP: 5/5
  2487 | D:2      | Succumbed to an adder's poison

Skill      XL: |  1  2  3 |
---------------+----------+-----
Hexes          | 3 |  3.2
Bows           | 3 4 |  4.0
Dodging        | 2 |  2.0
Fighting       | |  1.2
Short Blades   | |  0.1
Armour         | |  0.5
Spellcasting   | |  1.0

Action                   |  1- 3 |  4- 6 || total
-------------------------+-------+-------++-------
Melee: Shortbow          |    68 |       ||    68
       Kick              |    23 |       ||    23
       Dagger            |     7 |       ||     7
       Short sword       |    42 |       ||    42
 Fire: Shortbow          |    50 |       ||    50
Throw: Javelin           |     5 |       ||     5
       Tomahawk          |     3 |     1 ||     4
  Use: Scroll            |     2 |       ||     2
       Potion            |     1 |       ||     1
  Eat: Ration            |     1 |       ||     1
Armor: Robe              |    41 |       ||    41
       Leather armour    |    42 |       ||    42
Dodge: Dodged            |    99 |       ||    99
Block: Shield            |     7 |       ||     7
